 Dungeon Crawl Stone Soup version 0.31-a0-174-g85c54bcb58 (webtiles) character file.

Game seed: 13131103095198658111

3180113 epsilonplus the Slayer (level 27, 193/193 HPs)
             Began as a Gargoyle Fighter on June 15, 2023.
             Was the Champion of the Shining One.
             Escaped with the Orb
             ... and 5 runes!
             The game lasted 03:22:59 (70091 turns).

epsilonplus the Slayer (Gargoyle Fighter)          Turns: 70091, Time: 03:23:00

Health: 193/193    AC: 62    Str: 39    XL:     27
Magic:  26/26      EV: 11    Int:  5    God:    the Shining One [******]
Gold:   7096       SH: 35    Dex:  9    Spells: 27/34 levels left

rFire   + + .        h - +8 mithril axe "Arga" {speed, Will+}
rCold   + + +        u - +10 tower shield of Ignorance {rN+ Int-4}
rNeg    + + +        F - +8 gold dragon scales
rPois   ∞            n - +2 hat of the Comet {Slay+4 Stlth-}
rElec   +            I - scarf of the Old and Reckless {repulsion, rElec Str+3}
rCorr   +            l - +2 pair of gloves "Nybrunn" {rC+ Slay+5}
SInv    +            e - +1 pair of boots of Sin {rC+ rN+ Dex+2}
Will    +++..        D - amulet of reflection Stlth
                     U - ring "Upemicw" {Fly rF+ rCorr Str+4 SInv}
HPRegen 0.52/turn    x - +4 ring of slaying
MPRegen 0.20/turn

%: repel missiles, reflection
@: flying, glowing, studying 3 skills
A: sickness immunity, AC +20, big wings, negative energy resistance 1,
electricity resistance, torment resistance 1, petrification resistance, horns 1,
talons 1, clumsy 1, deterioration 1, dopey 1, low MP 2, no potion heal 2,
inability to drink after injury 2, inability to read after injury 1, noise
suppression
0: Orb of Zot
}: 5/15 runes: decaying, serpentine, slimy, silver, abyssal
a: Renounce Religion, Divine Shield, Cleansing Flame, Summon Divine Warrior


You escaped.
You worshipped the Shining One.
The Shining One was exalted by your worship.
You visited 11 branches of the dungeon, and saw 53 of its levels.
You visited the Abyss 3 times.
You also visited: Ossuary, Ice Cave, Volcano and Wizlab.

You collected 9717 gold pieces.
You spent 2621 gold pieces at shops.

Inventory:

Hand Weapons
 h - the +8 mithril axe "Arga" (weapon) {speed, Will+}
   (You found it on level 3 of the Elven Halls)

   Will:      It increases your willpower.
 Z - a +9 sacred scourge of holy wrath
Missiles
 b - 6 silver javelins
 q - 10 javelins (quivered)
 t - 19 atropa-tipped darts
Armour
 e - the +1 pair of boots of Sin (worn) {rC+ rN+ Dex+2}
   (You found it on level 1 of the Elven Halls)

   Dex:       It affects your dexterity (+2).
   rC:        It protects you from cold.
   rN:        It protects you from negative energy.
 l - the +2 pair of gloves "Nybrunn" (worn) {rC+ Slay+5}
   (You found it on level 5 of the Pits of Slime)

   Slay:      It affects your accuracy & damage with ranged weapons and melee
   (+5).
   rC:        It protects you from cold.
 n - the +2 hat of the Comet (worn) {Slay+4 Stlth-}
   (You found it on level 1 of the Lair of Beasts)

   Slay:      It affects your accuracy & damage with ranged weapons and melee
   (+4).
   Stlth:     It makes you less stealthy.
 u - the +10 tower shield of Ignorance (worn) {rN+ Int-4}
   (You found it on level 5 of the Vaults)

   Int:       It affects your intelligence (-4).
   rN:        It protects you from negative energy.
 B - the +4 dragonskin cloak
   (You took it off Tiamat on level 1 of the Realm of Zot)

   Avatar's Aegis: It grants the wearer a chance to resist fire, cold, poison,
   electricity, acid, and negative energy.
 F - +8 gold dragon scales (worn)
 I - the scarf of the Old and Reckless (worn) {repulsion, rElec Str+3}
   (You acquired it on level 3 of the Snake Pit)

   Str:       It affects your strength (+3).
   rElec:     It insulates you from electricity.
Jewellery
 p - the ring "Qasmaa" {rC+ Will+++ Dex+4}
   (You found it on level 5 of the Vaults)

   [ring of protection from cold]

   Dex:       It affects your dexterity (+4).
   rC:        It protects you from cold.
   Will:      It greatly increases your willpower.
 x - a +4 ring of slaying (right hand)
 z - the ring of the Hare {EV+10}
   (You found it on level 13 of the Dungeon)

   [ring of evasion]

   EV:        It affects your evasion (+10).
 D - an amulet of reflection (around neck)
 P - an amulet of regeneration
 R - a ring of fire
 U - the ring "Upemicw" (left hand) {Fly rF+ rCorr Str+4 SInv}
   (You acquired it on level 3 of the Swamp)

   [ring of see invisible]

   Str:       It affects your strength (+4).
   rF:        It protects you from fire.
   SInv:      It lets you see invisible.
   Fly:       It grants you flight.
   rCorr:     It protects you from acid and corrosion.
Wands
 a - a wand of paralysis (104)
 M - a wand of mindburst (47)
 Q - a wand of roots (56)
 T - a wand of polymorph (47)
 W - a wand of light (27)
Scrolls
 c - 8 scrolls of immolation
 k - 3 scrolls of fog
 r - 18 scrolls of teleportation
 w - 8 scrolls of poison
 C - 2 scrolls of summoning
 V - 5 scrolls of fear
 X - 6 scrolls of revelation
 Y - 4 scrolls of silence
Potions
 d - 11 potions of might
 f - 13 potions of brilliance
 g - 23 potions of curing
 i - a potion of ambrosia
 j - 13 potions of enlightenment
 m - 7 potions of cancellation
 s - 6 potions of magic
 y - 4 potions of heal wounds
 H - 6 potions of haste
 J - 4 potions of attraction
 N - 2 potions of berserk rage
Miscellaneous
 o - a condenser vane
 G - a phantom mirror (inert)
 L - a lightning rod (4/4)
 O - a sack of spiders
 S - a phial of floods


   Skills:
 - Level 25.0 Fighting
 - Level 13.0(19.3) Axes
 - Level 24.3(25.5) Maces & Flails
 - Level 12.0 Throwing
 - Level 23.0 Armour
 + Level 12.6 Dodging
 + Level 20.3 Shields
 - Level 4.4 Spellcasting
 - Level 9.5 Conjurations
 - Level 4.3 Translocations
 - Level 8.2 Earth Magic
 - Level 13.3 Invocations
 - Level 8.4 Evocations


You had 27 spell levels left.
You knew the following spells:

 Your Spells              Type           Power      Damage    Failure   Level
a - Stone Arrow           Conj/Erth      20%        3d8       19%         3
b - Blink                 Tloc           10%        N/A       50%         2
c - Wereblood             Tmut           1%         N/A       98%         2

Your spell library contained the following spells:

 Spells                   Type           Power      Damage    Failure   Level
 Magic Dart               Conj           40%        1d5       4%          1
 Momentum Strike          Conj/Tloc      16%        3d8       21%         2
 Foxfire                  Conj/Fire      20%        2x1d5     32%         1
 Shock                    Conj/Air       20%        1d4       32%         1
 Apportation              Tloc           10%        N/A       36%         1
 Static Discharge         Conj/Air       10%        2-3/arc   45%         2
 Lesser Beckoning         Tloc           10%        N/A       50%         2
 Dazzling Flash           Conj/Hex       10%        N/A       69%         3
 Hailstorm                Conj/Ice       5%         3d4       69%         3
 Gell's Gravitas          Tloc           5%         N/A       75%         3
 Teleport Other           Tloc           5%         N/A       75%         3
 Iskenderun's Battlesphe  Conj           10%        2d6       77%         5
 Iskenderun's Mystic Bla  Conj/Tloc      8%         2d4       78%         4
 Mephitic Cloud           Conj/Pois/Air  4%         N/A       88%         3
 Lee's Rapid Deconstruct  Erth           4%         3d5*      91%         5
 Beastly Appendage        Tmut           2%         N/A       93%         1
 Freeze                   Ice            4%         1d3       93%         1
 Necrotise                Necr           4%         1d4       93%         1
 Slow                     Hex            4%         N/A       93%         1
 Sting                    Tmut/Pois      4%         1d3       93%         1
 Summon Small Mammal      Summ           4%         N/A       93%         1
 Portal Projectile        Hex/Tloc       6%         N/A       96%         3
 Vhi's Electric Charge    Tloc/Air       6%         N/A       96%         3
 Volatile Blastmotes      Fire/Tloc      6%         2d10      96%         3
 Flame Wave               Conj/Fire      5%         2d5       97%         4
 Fulminant Prism          Conj/Hex       2%         3d5       97%         4
 Sticky Flame             Conj/Fire      5%         2d3       97%         4
 Call Imp                 Summ           2%         N/A       98%         2
 Ensorcelled Hibernation  Hex/Ice        2%         N/A       98%         2
 Poisonous Vapours        Pois/Air       2%         N/A       98%         2
 Scorch                   Fire           2%         2d5       98%         2
 Passage of Golubria      Tloc           5%         N/A       98%         4
 Animate Armour           Summ/Erth      10%        N/A       99%         4
 Leda's Liquefaction      Hex/Erth       2%         N/A       99%         4
 Call Canine Familiar     Summ           1%         N/A       100%        3
 Confusing Touch          Hex            1%         N/A       100%        3
 Frozen Ramparts          Ice            2%         1d1       100%        3
 Ignite Poison            Fire/Tmut/Pois 1%         N/A       100%        3
 Inner Flame              Hex/Fire       1%         N/A       100%        3
 Spider Form              Tmut/Pois      1%         N/A       100%        3
 Summon Guardian Golem    Hex/Summ       1%         N/A       100%        3
 Swiftness                Air            1%         N/A       100%        3
 Vampiric Draining        Necr           1%         2d6       100%        3
 Airstrike                Air            0%         2d(1-17)  100%        4
 Anguish                  Hex/Necr       0%         N/A       100%        4
 Ice Form                 Ice/Tmut       1%         N/A       100%        4
 Olgreb's Toxic Radiance  Pois           1%         N/A       100%        4
 Summon Ice Beast         Ice/Summ       1%         N/A       100%        4
 Summon Lightning Spire   Summ/Air       1%         N/A       100%        4
 Agony                    Necr           1%         N/A       100%        5
 Alistair's Intoxication  Tmut/Pois      0%         N/A       100%        5
 Arcjolt                  Conj/Air       2%         1d12      100%        5
 Blade Hands              Tmut           0%         N/A       100%        5
 Borgnjor's Vile Clutch   Necr/Erth      2%         N/A       100%        5
 Fireball                 Conj/Fire      2%         3d4       100%        5
 Freezing Cloud           Conj/Ice/Air   2%         6-21      100%        5
 Irradiate                Conj/Tmut      2%         3d12      100%        5
 Silence                  Hex/Air        0%         N/A       100%        5
 Summon Forest            Summ/Tloc      1%         N/A       100%        5
 Summon Mana Viper        Hex/Summ       1%         N/A       100%        5
 Yara's Violent Unravell  Hex/Tmut       0%         3d3       100%        5
 Conjure Ball Lightning   Conj/Air       2%         3x3d6     100%        6
 Death Channel            Necr           0%         N/A       100%        6
 Dispersal                Tloc           2%         N/A       100%        6
 Eringya's Noxious Bog    Tmut/Pois      0%         N/A       100%        6
 Leda's Unmaking          Conj/Erth      5%         9d2       100%        6
 Plasma Beam              Fire/Air       0%         2x1d10    100%        6
 Simulacrum               Ice/Necr       0%         N/A       100%        6
 Starburst                Conj/Fire      2%         6d3       100%        6
 Summon Cactus Giant      Summ           0%         N/A       100%        6
 Dragon Form              Tmut           0%         N/A       100%        7
 Enfeeble                 Hex            0%         N/A       100%        7
 Monstrous Menagerie      Summ           0%         N/A       100%        7
 Orb of Destruction       Conj           5%         9d5       100%        7
 Ozocubu's Refrigeration  Ice            0%         4d7       100%        7
 Spellforged Servitor     Conj/Summ      2%         N/A       100%        7
 Storm Form               Tmut/Air       0%         N/A       100%        7
 Summon Hydra             Summ           0%         N/A       100%        7
 Ignition                 Fire           0%         3d3       100%        8
 Lehudib's Crystal Spear  Conj/Erth      5%         10d3      100%        8
 Maxwell's Capacitive Co  Air            0%         ∞         100%        8
 Necromutation            Tmut/Necr      0%         N/A       100%        8
 Fire Storm               Conj/Fire      2%         8d1       100%        9
 Polar Vortex             Ice            0%         N/A       100%        9
 Cigotuvi's Dreadful Rot  Necr/Pois/Air  Unusable   N/A       N/A         2
 Sublimation of Blood     Necr           Unusable   N/A       N/A         2
 Statue Form              Tmut/Erth      Unusable   N/A       N/A         6

Dungeon Overview and Level Annotations

Branches:
Dungeon (15/15)            Temple (1/1) D:5            Lair (5/5) D:10
  Swamp (4/4) Lair:3        Snake (4/4) Lair:3        Slime (5/5) Lair:4
    Orc (2/2) D:11            Elf (3/3) Orc:2        Vaults (5/5) D:14
  Crypt (0/3) Vaults:3     Depths (4/4) D:15            Zot (5/5) Depths:4
Ossuary (visited)           IceCv (visited)         Volcano (visited)
 WizLab (visited)

Altars:
Ashenzari
Elyvilon
Fedhas
Gozag
Hepliaklqana
Kikubaaqudgha
Makhleb
Nemelex Xobeh
Okawaru
Ru
Sif Muna
Trog
Uskayaw
Vehumet
Wu Jian
Xom
Yredelemnul
The Shining One
Jiyva

Shops:
D:2 =   D:8 (   D:11 *   Orc:2 [!:[   Elf:2 ((   Swamp:1 *   Vaults:4 *
Depths:3 *

Portals:
Hell: Depths:1 Depths:2 Depths:3 Depths:4
Abyss: Depths:2 Depths:3
Pandemonium: Depths:2
Ziggurat: Depths:3

Annotations:
Vaults:5 exclusion: door


Innate Abilities, Weirdness & Mutations

You are immune to sickness and miasma.
Your stone body is resilient. (AC +20)
You are immune to poison.
Your large and strong wings let you fly.
You resist negative energy. (rN+)
You are resistant to electric shocks. (rElec)
You are resistant to unholy torment.
You are immune to petrification.
You have a pair of small horns on your head.
You have sharp toenails.
You are clumsy. (Dex -2)
Your body sometimes deteriorates upon taking damage.
You are dopey. (Int -2)
Your magical capacity is very low. (-20% MP)
Potions cannot restore your health.
You sometimes lose the ability to drink potions when taking damage.
You occasionally lose the ability to read scrolls when taking damage.
You passively dampen the noise of your surroundings.


Message History

The floor.
You slice Heliloic!!
You kill Heliloic!
The Shining One accepts your kill.
There is a stone staircase leading up here.
You fly upwards.
There is a stone staircase leading down here.
(D) Dungeon (T) Temple (L) Lair (S) Swamp (P) Snake Pit (M) Slime Pits (O) Orcish Mines (E) Elven Halls (V) Vaults (C) Crypt (U) Depths (H) Hell (Z) Zot
Where to? (Enter - D:2, ? - help)
A sun demon comes into view.
An Orb Guardian comes into view.
There is a stone staircase leading up here.
You fly upwards.
There is a stone staircase leading down here.
(D) Dungeon (T) Temple (L) Lair (S) Swamp (P) Snake Pit (M) Slime Pits (O) Orcish Mines (E) Elven Halls (V) Vaults (C) Crypt (U) Depths (H) Hell (Z) Zot
Where to? (Enter - D:1, ? - help)
Okay, then.
A reaper comes into view. It is wielding a +3 vampiric scythe.
You slice the reaper!! You headbutt the reaper!
The reaper is heavily wounded.
You slice the reaper!! You headbutt the reaper!
The reaper is almost dead.
You block the reaper's attack.
You slice the reaper!!
You kill the reaper!
The Shining One accepts your kill.
You see here a +3 vampiric scythe.
Aiming: Dig
Press: ? - help, Shift-Dir - straight line A rock wall.
This square is lit by a halo and is covered in magical glow.
The rock shatters into small pieces.
The now-empty wand crumbles to dust.
There is a staircase leading out of the dungeon here.
You have escaped!

.# ####...###.#.# #.# .# ##.##
#.#.# #.# .# ####.# #.#.## #.#
.# #....# #....## #.# .# #.####
#.....# #.# .# #.# ##.....# #.#
## #.# ##....#.# #.#
############.#####.....#.# #.#
................@........# #.#
#########.....##.#)....#.#####.#
### #.#...##.##............#
>.#######)....##.###.###.#######
..............#>..'..##.).##
..#######..(..########.....#
...# ###...# #....## ...######
#...# #.#.## ........# ##..#
#.###


There were no monsters in sight!

Vanquished Creatures
  the Royal Jelly (Slime:5)
  Tiamat (Zot:1)
  A pandemonium lord (D:3)
  A dread lich (Zot:5)
  9 orbs of fire
  3 ancient liches
  A juggernaut (Depths:3)
  Vv (Depths:3)
  5 Killer Klowns
  Saint Roka (Vaults:2)
  A caustic shrike (Depths:3)
  3 curse toes
  7 golden dragons
  2 profane servitors (Abyss:3)
  A pearl dragon (Abyss:3)
  7 bone dragons
  4 electric golems
  A hellephant (Abyss:3)
  Jorgrun (Swamp:3)
  18 tentacled monstrosities
  8 quicksilver dragons
  3 deep elf blademasters
  5 liches
  22 Orb Guardians
  19 acid blobs
  2 deep elf master archers (Elf:3)
  7 tentacled starspawn (Abyss:3)
  15 sphinxes
  An ancient champion (WizLab)
  A thorn hunter (Swamp:2)
  10 death cobs
  The ghost of Pooter the Severer, an adept MiBe of Trog (Elf:1)
  20 storm dragons
  2 nagarajas
  5 azure jellies
  6 shadow dragons
  4 tengu reavers
  Donald (Vaults:2)
  A draconian monk (Zot:1)
  A daeva (Depths:2)
  10 fire giants
  24 vault wardens
  9 draconian knights
  9 frost giants
  12 rockslimes
  8 deep elf sorcerers (Elf:3)
  The ghost of Puubajux the Bludgeoner, an adept GrFi of Gozag (Snake:3)
  7 iron dragons
  2 draconian scorchers
  3 ghost moths
  2 draconian stormcallers
  Aizul (Snake:1)
  A balrug (Zot:1)
  7 draconian shifters
  4 deep elf elementalists (Elf:3)
  2 spriggan defenders (Depths:3)
  24 ironbound preservers
  3 draconian annihilators
  4 orc warlords
  3 reapers
  7 quicksilver oozes
  A cacodemon (Abyss:3)
  11 stone giants
  A caustic shrike skeleton (D:15)
  10 very ugly things
  3 war gargoyles
  2 formless jellyfish
  2 vampire knights
  13 green draconians
  6 ironbound thunderhulks
  5 eleionomae
  13 dire elephants
  10 purple draconians
  5 deep elf demonologists
  11 deep elf annihilators
  9 yellow draconians
  10 bunyips
  Azrael (Elf:2)
  14 black draconians
  7 spark wasps
  8 white draconians
  4 red draconians
  Snorg (D:12)
  3 deep elf death magi (Elf:3)
  5 fire dragons
  An eidolon (Abyss:3)
  14 ettins
  Josephine (D:13)
  An entropy weaver (shapeshifter) (Vaults:5)
  4 deep elf high priests
  39 vault guards
  20 yaktaur captains
  8 great orbs of eyes
  A shambling mangrove (Swamp:3)
  2 entropy weavers
  15 ice dragons
  4 spriggan air magi
  6 rakshasas
  18 hydras
  A hell beast (Depths:1)
  3 ghost crabs
  2 ogre magi (Vaults:5)
  2 salamander tyrants
  9 ironbound frosthearts
  A quicksilver dragon skeleton (Vaults:3)
  9 alligators
  3 catoblepae
  23 centaur warriors
  8 anacondas
  3 peacekeepers
  7 two-headed ogres
  9 boulder beetles
  32 dancing weapons
  21 naga warriors
  4 shock serpents
  4 orc high priests
  10 tengu warriors
  5 deep troll earth magi
  A spriggan berserker (Depths:2)
  18 thrashing horrors
  8 hell hogs
  7 deep troll shamans
  21 naga sharpshooters
  A shock serpent (shapeshifter) (Vaults:5)
  3 spectral nagas (Snake:3)
  2 demonic crawlers (Abyss:3)
  11 death yaks
  8 hell knights
  A titan skeleton (Vaults:3)
  Amaemon (Lair:2)
  18 deep elf knights
  3 salamander mystics
  A spark wasp zombie (D:15)
  10 wretched stars (Abyss:3)
  2 spatial maelstroms (Abyss:3)
  3 goliath frogs
  8 iron trolls
  5 sixfirhies (Abyss:3)
  22 skeletal warriors
  A death drake (Abyss:4)
  A flayed ghost (Abyss:3)
  A spectral anaconda (Snake:3)
  2 golden dragon zombies (Vaults:3)
  An orb spider (Abyss:3)
  A shadow demon (Depths:1)
  51 deep trolls
  8 glowing orange brains
  A spriggan simulacrum (Abyss:3)
  9 bog bodies
  4 spriggan druids
  2 spectral hydras (Swamp:4)
  10 deep elf archers
  An orange crystal statue (IceCv)
  6 swamp dragons
  7 naga ritualists
  4 harpies (Vaults:2)
  18 lindwurms
  8 phantasmal warriors
  16 ironbound convokers
  13 orc knights
  9 wizards
  9 necromancers
  A tengu skeleton (Vaults:3)
  An oklob plant (Swamp:4)
  40 ugly things
  A wolf spider (Lair:5)
  A wolf spider (shapeshifter) (Vaults:4)
  6 orc sorcerers
  9 salamanders
  21 deep elf pyromancers
  17 deep elf zephyrmancers
  A mana viper (shapeshifter) (Vaults:2)
  14 mana vipers
  A glowing shapeshifter (Depths:3)
  2 stone giant zombies
  2 worldbinders (Abyss:3)
  8 will-o-the-wisps
  A faun (shapeshifter) (Depths:3)
  16 moths of wrath
  2 cyclopes
  5 shining eyes
  A toenail golem (D:9)
  4 manticores
  21 elephants
  24 vault sentinels
  A salamander (shapeshifter) (Elf:2)
  Maurice (D:13)
  106 slime creatures
  4 eyes of devastation
  8 guardian serpents
  A stone giant skeleton (Vaults:3)
  A spectral shock serpent (Snake:3)
  2 rust devils
  6 smoke demons (Abyss:3)
  2 fire giant skeletons
  25 naga magi
  The ghost of AwFulAwFulPlayer the Shooter, a novice DgHu (D:6)
  5 torpor snails (Lair:5)
  2 orange demons
  A yaktaur zombie (Vaults:3)
  4 unseen horrors
  47 black mambas
  10 cane toads
  A gargoyle (D:12)
  4 apocalypse crabs (Abyss:3)
  2 freezing wraiths
  A kobold demonologist (D:12)
  A hellion (Depths:1)
  17 rime drakes
  7 efreet
  4 elf skeletons (Vaults:3)
  An ice devil (Abyss:3)
  46 yaktaurs
  5 swamp worm zombies (Swamp:4)
  2 guardian mummies (D:15)
  6 tengu conjurers
  An anaconda simulacrum (Swamp:4)
  8 komodo dragons
  2 tormentors
  A silent spectre (Abyss:3)
  4 hellwings
  4 catoblepas skeletons (Abyss:4)
  9 trolls
  18 ancient zymes
  24 polar bears
  A hydra skeleton (Abyss:3)
  8 tyrant leeches
  5 hydra zombies (Swamp:4)
  A hornet (shapeshifter) (D:15)
  9 blink frogs
  21 raiju
  A tarantella (shapeshifter) (Vaults:5)
  3 alligator zombies (Swamp:4)
  3 spectral swamp dragons (Swamp:4)
  16 hornets
  11 spriggans
  An ettin skeleton (Vaults:3)
  A shock serpent simulacrum (Snake:3)
  A spectral black mamba (Snake:3)
  5 vampires
  6 ynoxinuls
  7 water elementals
  6 shadows
  3 air elementals
  16 wyverns
  10 fire elementals
  2 yaks (shapeshifter) (Abyss:3)
  7 wraiths
  A dire elephant simulacrum (Swamp:4)
  3 fire bats (Abyss:3)
  A human (shapeshifter) (D:13)
  A basilisk (shapeshifter) (Abyss:3)
  41 yaks
  5 humans (D:14)
  6 golden eyes (Abyss:3)
  5 steam dragons
  7 basilisks
  2 redbacks (Lair:5)
  A yaktaur simulacrum (Vaults:4)
  4 chaos spawn
  15 vampire mosquitoes
  8 neqoxecs (Abyss:3)
  27 swamp worms
  3 two-headed ogre zombies (WizLab)
  39 large abominations
  2 minotaur simulacra (Swamp:4)
  A harpy simulacrum (Swamp:4)
  3 spatial vortices (Abyss:3)
  9 wargs
  43 nagas
  An acid dragon (D:7)
  A glowing shapeshifter zombie (Vaults:3)
  3 hell hounds
  18 water moccasins
  2 glowing shapeshifter skeletons (Vaults:3)
  2 black bears
  40 orc warriors
  2 swamp drakes (Swamp:1)
  An ice beast (D:7)
  2 swamp dragon zombies (Swamp:4)
  2 sky beasts
  4 ogres
  14 wolves
  16 small abominations
  A centaur (D:5)
  4 human skeletons
  4 phantoms
  12 kobold brigands
  9 bullfrogs
  A salamander simulacrum (Snake:3)
  A gnoll sergeant (D:6)
  10 earth elementals
  4 scorpions
  2 deep troll simulacra (Swamp:4)
  18 wights
  6 troll zombies (WizLab)
  5 killer bees
  An electric eel (D:13)
  A lindwurm simulacrum (Swamp:4)
  2 howler monkeys (D:7)
  A human simulacrum (Vaults:4)
  A gnoll bouda (D:9)
  11 hounds
  19 orc priests
  4 jellies
  Crazy Yiuf (D:7)
  34 starcursed masses
  2 iron imps
  8 iguanas
  A naga simulacrum (Snake:3)
  25 orc wizards
  5 ogre zombies (WizLab)
  A mummy (Ossuary)
  7 gnolls
  2 adders
  2 swamp drake zombies (Swamp:4)
  A shadow imp (D:5)
  4 white imps
  3 ufetubi (Abyss:3)
  2 worms
  3 dart slugs
  106 orcs
  3 spectral bats (Ossuary)
  5 bats
  8 endoplasms
  4 giant cockroaches
  12 gnoll zombies (Ossuary)
  9 goblins
  5 hobgoblins
  25 kobolds
  4 quokkas
  8 ball pythons
  2 bat simulacra (Ossuary)
  3 frilled lizards
  5 goblin simulacra (Ossuary)
  5 goblin zombies (Ossuary)
  2 hobgoblin zombies (Ossuary)
  3 kobold simulacra (Ossuary)
  6 kobold zombies (Ossuary)
  5 orc zombies (Ossuary)
  2 rats
  4 rat simulacra (Ossuary)
  A spectral goblin (Ossuary)
  8 spectral kobolds (Ossuary)
  A spectral rat (Ossuary)
  3 lurking horrors (Abyss:3)
  14 starspawn tentacles (Abyss:3)
2672 creatures vanquished.

Vanquished Creatures (collateral kills)
  An ancient lich (Zot:5)
  2 Killer Klowns
  A golden dragon (Depths:3)
  A lich (Abyss:4)
  A tentacled monstrosity (Zot:5)
  An acid blob (Slime:5)
  5 Orb Guardians (Zot:5)
  A quicksilver dragon (Zot:2)
  A tentacled starspawn (Abyss:3)
  A sphinx (Vaults:1)
  2 storm dragons
  2 rockslimes (Slime:5)
  An azure jelly (Slime:5)
  A deep elf sorcerer (Elf:3)
  2 draconian scorchers
  A very ugly thing (Abyss:3)
  A demonspawn blood saint (Zot:1)
  A war gargoyle (Vaults:4)
  A draconian annihilator (Zot:2)
  A quicksilver ooze (Slime:5)
  Nessos (D:12)
  A yellow draconian (Zot:2)
  A black draconian (Zot:5)
  A white draconian (Zot:5)
  A deep elf death mage (Elf:3)
  An ettin (Vaults:5)
  A deep elf high priest (Elf:3)
  A vault guard (Vaults:5)
  A peacekeeper (Vaults:4)
  A centaur warrior (Vaults:1)
  A naga warrior (Snake:4)
  4 thrashing horrors
  A naga sharpshooter (Snake:4)
  A hell knight (Abyss:3)
  2 wretched stars
  An iron troll (Depths:1)
  A skeletal warrior (WizLab)
  2 flayed ghosts
  A naga ritualist (Snake:4)
  2 deep trolls (Depths:1)
  An orc sorcerer (Orc:1)
  A moth of wrath (Zot:5)
  A guardian serpent (Snake:4)
  A smoke demon (Abyss:3)
  A catoblepas skeleton (Abyss:4)
  3 freezing wraiths
  2 hellwings (Abyss:3)
  A slime creature (Slime:5)
  A wraith (Abyss:3)
  A fire elemental (Elf:2)
  A neqoxec (Abyss:3)
  6 small abominations (Abyss:3)
  2 swamp worms (Lair:1)
  A naga (Snake:4)
  A spatial vortex (Abyss:3)
  4 large abominations (Abyss:3)
  A hell hound (Elf:2)
  An orc warrior (Orc:1)
  An iron imp (Abyss:3)
  8 starcursed masses
  A white imp (Abyss:4)
  An ufetubus (Abyss:4)
  7 orcs
  A starspawn tentacle (Abyss:3)
103 creatures vanquished.

Vanquished Creatures (others)
  2 hydras
  A fire dragon (Depths:3)
  A spectral hydra (Swamp:4)
  A deep elf pyromancer (Elf:1)
  A deep elf zephyrmancer (Elf:1)
  An ugly thing (D:12)
  A black mamba (Snake:2)
  An ancient zyme (Abyss:3)
  4 bloated husks (Swamp:4)
  An alligator zombie (Swamp:4)
  A large abomination (Abyss:3)
  An air elemental (Elf:1)
  A human (D:14)
  A small abomination (Abyss:3)
  A phantom (Swamp:4)
  An orc wizard (Orc:2)
  43 foxfires
  2 lurking horrors (Abyss:3)
  21 starspawn tentacles
86 creatures vanquished.

Grand Total: 2861 creatures vanquished

Notes
Turn   | Place    | Note
-------+----------+-------------------------------------------
     0 | D:1      | epsilonplus the Gargoyle Fighter began the quest for the
                  | Orb.
     0 | D:1      | Reached XP level 1. HP: 14/14 MP: 1/1
   230 | D:1      | Reached XP level 2. HP: 16/19 MP: 2/2
   735 | D:2      | Reached XP level 3. HP: 17/24 MP: 3/3
   936 | D:2      | Found Vurauq's One-of-a-Kind Rings.
  1322 | D:3      | Reached skill level 4 in Fighting
  1322 | D:3      | Reached XP level 4. HP: 23/29 MP: 4/4
  1970 | D:4      | Reached XP level 5. HP: 15/34 MP: 5/5
  2118 | D:4      | Got the Encyclopedia of Company and Interference
  2274 | D:4      | Noticed a black bear
  2283 | D:4      | Killed a black bear
  2284 | D:4      | Reached skill level 5 in Fighting
  2284 | D:4      | Reached skill level 5 in Maces & Flails
  2284 | D:4      | Reached XP level 6. HP: 8/40 MP: 6/6
  2493 | D:4      | Noticed a +0 dagger
  2496 | D:4      | Noticed a +0 hand axe
  2498 | D:4      | Found a hide-covered altar of Uskayaw.
  2555 | D:4      | Became a worshipper of Uskayaw the Reveller
  2663 | D:4      | Reached * piety under Uskayaw
  2665 | D:4      | Reached ** piety under Uskayaw
  2799 | D:5      | Entered Level 5 of the Dungeon
  2805 | D:5      | Reached skill level 1 in Invocations
  2816 | D:5      | Reached XP level 7. HP: 25/44 MP: 7/7
  2920 | D:5      | Reached *** piety under Uskayaw
  2926 | D:5      | Reached **** piety under Uskayaw
  3020 | D:5      | Found a staircase to the Ecumenical Temple.
  3268 | D:5      | Found a bloodstained altar of Trog.
  3270 | D:5      | Found a hazy altar of Hepliaklqana.
  3270 | D:5      | Found a white marble altar of Elyvilon.
  3511 | D:5      | Reached XP level 8. HP: 50/50 MP: 10/10
  3523 | D:5      | Found an ornate altar of the Wu Jian Council.
  3706 | D:6      | Reached skill level 5 in Shields
  3879 | D:6      | Found a runed translucent door.
  3879 | D:6      | Noticed AwFulAwFulPlayer's ghost (novice DgHu)
  4667 | D:6      | Reached skill level 5 in Invocations
  4913 | D:7      | Reached XP level 9. HP: 9/54 MP: 5/12
  5223 | D:7      | Found a sand-covered staircase.
  5230 | Ossuary  | Entered an ossuary
  6216 | D:7      | Found a runed translucent door.
  6217 | D:7      | Noticed Crazy Yiuf
  6226 | D:7      | Killed Crazy Yiuf
  6332 | D:8      | Reached skill level 10 in Maces & Flails
  6346 | D:8      | Reached XP level 10. HP: 24/59 MP: 5/13
  6687 | D:8      | Found a burning altar of Makhleb.
  6908 | D:8      | Reached ***** piety under Uskayaw
  7114 | D:8      | Noticed a two-headed ogre
  7123 | D:8      | Killed a two-headed ogre
  7124 | D:8      | Reached skill level 6 in Fighting
  7395 | D:8      | Found Koupnem's Weapon Boutique.
  7659 | D:9      | Noticed a manticore
  7681 | D:9      | Killed a manticore
  7822 | D:9      | Noticed a two-headed ogre
  7831 | D:9      | Killed a two-headed ogre
  7832 | D:9      | Reached skill level 7 in Fighting
  7832 | D:9      | Reached XP level 11. HP: 45/67 MP: 14/16
  8144 | D:9      | Paralysed by a kobold brigand for 3 turns
  8596 | D:9      | Found a blossoming altar of Fedhas.
  8730 | D:10     | Entered Level 10 of the Dungeon
  9078 | D:10     | Noticed a two-headed ogre
  9087 | D:10     | Killed a two-headed ogre
  9307 | D:10     | Reached skill level 8 in Fighting
  9409 | D:10     | Found a staircase to the Lair.
  9865 | D:11     | Reached skill level 1 in Evocations
  9919 | D:11     | Found a staircase to the Orcish Mines.
 10150 | D:11     | Noticed a two-headed ogre
 10162 | D:11     | Killed a two-headed ogre
 10303 | D:11     | Identified the ring of Vanity {MP+9 Int+3}
 10398 | D:11     | Noticed a boulder beetle
 10407 | D:11     | Killed a boulder beetle
 10572 | D:11     | Noticed a brown ugly thing
 10582 | D:11     | Killed a brown ugly thing
 10583 | D:11     | Reached XP level 12. HP: 75/75 MP: 18/18
 10590 | D:11     | Found Pohous's CLEARANCE SALE!.
 10643 | D:11     | Bought a scroll of identify for 10 gold pieces
 10643 | D:11     | Bought a scroll of enchant armour for 37 gold pieces
 10647 | D:11     | Noticed a boulder beetle
 10663 | D:11     | Killed a boulder beetle
 10664 | D:11     | Reached skill level 9 in Fighting
 10785 | D:11     | Noticed a two-headed ogre
 10792 | D:11     | Killed a two-headed ogre
 11049 | D:12     | Noticed a two-headed ogre
 11062 | D:12     | Killed a two-headed ogre
 11063 | D:12     | Reached skill level 1 in Dodging
 11215 | D:12     | Noticed Nessos
 11597 | D:12     | Noticed Snorg
 11624 | D:13     | Noticed a centaur warrior
 11627 | D:13     | Noticed a centaur warrior
 11630 | D:13     | Killed a centaur warrior
 11636 | D:13     | HP: 2/76 [centaur warrior (2)]
 11638 | D:13     | Killed a centaur warrior
 11844 | D:13     | Reached skill level 5 in Armour
 11847 | D:13     | Reached skill level 10 in Fighting
 11859 | D:13     | Noticed a tengu warrior
 11874 | D:13     | Killed a tengu warrior
 11967 | D:13     | Noticed a centaur warrior
 11978 | D:13     | Killed a centaur warrior
 12140 | D:13     | Found the ring of the Hare {EV+10}
 12191 | D:13     | Reached skill level 5 in Evocations
 12191 | D:13     | Reached XP level 13. HP: 57/82 MP: 19/19
 12370 | D:13     | Noticed Maurice
 12383 | D:13     | Killed Maurice
 12564 | D:13     | Noticed Josephine
 12576 | D:13     | Killed Josephine
 12980 | D:12     | Killed Snorg
 13511 | D:12     | Killed Nessos
 13637 | Lair:1   | Entered Level 1 of the Lair of Beasts
 13956 | Lair:1   | Found a transporter.
 13985 | Lair:1   | Reached skill level 1 in Throwing
 14032 | Lair:1   | Found a transporter.
 14472 | Lair:2   | Reached skill level 15 in Maces & Flails
 14552 | Lair:2   | Noticed Amaemon
 14573 | Lair:2   | Killed Amaemon
 14696 | Lair:2   | You fall into a shaft and drop 2 floors!
 14892 | Lair:4   | Found a staircase to the Slime Pits.
 14892 | Lair:4   | Found a viscous altar of Jiyva.
 15038 | Lair:4   | Reached skill level 11 in Fighting
 15434 | Lair:3   | Reached ****** piety under Uskayaw
 15796 | Lair:3   | Gained mutation: Your large and strong wings let you fly.
                  | [Gargoyle growth]
 15796 | Lair:3   | Reached XP level 14. HP: 84/90 MP: 20/20
 15874 | Lair:3   | Found a staircase to the Swamp.
 16159 | Lair:3   | Found a staircase to the Snake Pit.
 17204 | Lair:2   | Reached skill level 12 in Fighting
 17401 | Lair:5   | Entered Level 5 of the Lair of Beasts
 17450 | Lair:5   | Reached skill level 10 in Invocations
 17630 | Lair:5   | Reached skill level 5 in Throwing
 18179 | Lair:5   | Reached XP level 15. HP: 40/97 MP: 18/22
 18724 | Lair:5   | Identified the +0 leather armour "Wuafag" {rN+ Will+}
 18879 | Lair:5   | Reached skill level 10 in Armour
 18943 | Lair:5   | Found a runed translucent door.
 19076 | Lair:5   | Reached skill level 13 in Fighting
 19874 | Temple   | Entered the Ecumenical Temple
 19900 | Temple   | Fell from the grace of Uskayaw
 19900 | Temple   | Became a worshipper of the Shining One
 19958 | D:6      | Killed AwFulAwFulPlayer's ghost
 20067 | Orc:1    | Entered Level 1 of the Orcish Mines
 20162 | Orc:1    | Noticed an orc warlord
 20186 | Orc:1    | Killed an orc warlord
 20485 | Orc:1    | Noticed an orc warlord
 20485 | Orc:1    | Reached * piety under the Shining One
 20503 | Orc:1    | Killed an orc warlord
 20515 | Orc:1    | HP: 1/99 [orc knight/+0 bardiche (26)]
 20786 | Orc:1    | Paralysed by an orc sorcerer for 2 turns
 20908 | Orc:1    | Noticed an orc warlord
 20947 | Orc:1    | Noticed an orc warlord
 21228 | D:11     | Killed an orc warlord
 21532 | Orc:1    | Killed an orc warlord
 21785 | Orc:2    | Entered Level 2 of the Orcish Mines
 21827 | Orc:2    | Found a staircase to the Elven Halls.
 21838 | Orc:2    | Found a dark tunnel.
 21847 | Volcano  | Entered a volcano
 21887 | Volcano  | Reached ** piety under the Shining One
 22460 | Orc:2    | Paralysed by an orc sorcerer for 2 turns
 22748 | Orc:2    | Reached XP level 16. HP: 105/105 MP: 24/24
 22768 | Orc:2    | Found Nyuk's Armour Shoppe.
 22768 | Orc:2    | Found Okkasonk's Armour Shop.
 22852 | Orc:2    | Found Kanuif's Book Shoppe.
 22852 | Orc:2    | Found Isturr's Distillery.
 22862 | Orc:2    | Bought a potion of degeneration for 11 gold pieces
 22869 | Orc:2    | Bought the +2 pair of gloves of Momiti {rF+ Will+ Dex+3}
                  | for 444 gold pieces
 23396 | D:14     | Reached *** piety under the Shining One
 23653 | D:14     | Reached skill level 14 in Fighting
 23653 | D:14     | Reached skill level 5 in Dodging
 23716 | D:14     | Found a gate to the Vaults.
 23725 | D:14     | Identified the +10 broad axe of Mourning {flame, *Corrode
                  | rN++}
 24168 | D:14     | Reached skill level 1 in Axes
 25022 | Snake:1  | Entered Level 1 of the Snake Pit
 25104 | Snake:1  | Noticed Aizul
 25122 | Snake:1  | Killed Aizul
 25303 | Snake:1  | Reached **** piety under the Shining One
 25891 | Snake:1  | Was forgiven by Uskayaw
 26236 | Snake:2  | Reached skill level 5 in Axes
 26502 | Snake:2  | Reached skill level 10 in Shields
 27276 | D:14     | Found an opulent altar of Gozag.
 27314 | D:15     | Entered Level 15 of the Dungeon
 27460 | D:15     | Reached XP level 17. HP: 110/112 MP: 25/25
 27486 | D:15     | Found a staircase to the Depths.
 27956 | D:15     | Reached ***** piety under the Shining One
 28003 | D:15     | Reached skill level 15 in Fighting
 28446 | D:2      | Bought the ring "Equlus" {rC+ rN+} for 442 gold pieces
 28675 | Depths:1 | Entered Level 1 of the Depths
 29106 | Depths:1 | Found a sparkling altar of Nemelex Xobeh.
 29248 | Depths:1 | Noticed a sphinx
 29287 | Depths:1 | Noticed a sphinx
 29791 | Depths:1 | Found a gateway to Hell.
 30556 | Swamp:1  | Entered Level 1 of the Swamp
 30619 | Swamp:1  | Identified the +0 scale mail of the Spider Nest {rPois
                  | Will- MP+9 Str+2 Stlth+}
 30894 | Swamp:1  | Found Cadiak's Island Escapes.
 30976 | Swamp:1  | Bought a scroll of fog for 56 gold pieces
 30976 | Swamp:1  | Bought a scroll of blinking for 105 gold pieces
 30976 | Swamp:1  | Bought a scroll of teleportation for 42 gold pieces
 30976 | Swamp:1  | Bought a scroll of teleportation for 42 gold pieces
 31292 | Swamp:1  | HP: 1/113 [acid (12)]
 31733 | Swamp:2  | Reached ****** piety under the Shining One
 31764 | Swamp:2  | Identified a +9 sacred scourge of holy wrath (a +7 demon
                  | whip of venom blessed by the Shining One)
 31764 | Swamp:2  | Received a gift from the Shining One
 32066 | Swamp:2  | Reached skill level 16 in Fighting
 32113 | Swamp:2  | Reached XP level 18. HP: 33/120 MP: 26/26
 32817 | Lair:1   | Identified the +2 hat of the Comet {Slay+4 Stlth-}
 33515 | Swamp:3  | Noticed a tentacled monstrosity
 33523 | Swamp:3  | Noticed Jorgrun
 33530 | Swamp:3  | Killed a tentacled monstrosity
 33790 | Swamp:3  | Found an ancient bone altar of Kikubaaqudgha.
 33824 | Swamp:3  | Identified a scroll of acquirement
 33825 | Swamp:3  | Acquired the ring "Upemicw" {Fly rF+ rCorr Str+4 SInv}
 34522 | Snake:2  | Learned a level 3 spell: Stone Arrow
 34572 | Snake:2  | Identified the +2 robe of Feasting {rC- Dex+8 Archmagi}
 34667 | Snake:2  | Found an iron altar of Okawaru.
 34756 | Snake:3  | Reached skill level 1 in Earth Magic
 34810 | Snake:3  | Reached skill level 1 in Conjurations
 34935 | Snake:3  | Found a runed translucent gate.
 34935 | Snake:3  | Found a runed translucent gate.
 34935 | Snake:3  | Found a runed translucent gate.
 35051 | Snake:3  | Reached skill level 17 in Fighting
 35500 | Snake:3  | Reached XP level 19. HP: 128/128 MP: 27/27
 35561 | Snake:3  | Acquired the scarf of the Old and Reckless {repulsion,
                  | rElec Str+3}
 35767 | Snake:3  | Noticed Puubajux's ghost (adept GrFi)
 35797 | Snake:3  | Killed Puubajux's ghost
 35903 | Snake:4  | Entered Level 4 of the Snake Pit
 36091 | Swamp:4  | Entered Level 4 of the Swamp
 36231 | Swamp:4  | Found a frozen archway.
 36235 | Swamp:4  | Reached skill level 5 in Earth Magic
 36266 | IceCv    | Entered an ice cave
 36822 | IceCv    | Reached skill level 5 in Conjurations
 37416 | IceCv    | Identified the ring "Goraf" {Contam rC+ rN+ Int+4}
 37568 | IceCv    | Got the Anthology of the Dead and Vitiation
 37569 | IceCv    | Identified the +0 war axe of Dawn {drain, Stlth+}
 37723 | IceCv    | Identified the staff of cold "Zoblyegio" {rElec rF+ rC+
                  | Will- Str+3}
 38480 | Swamp:4  | Noticed a bone dragon
 38491 | Swamp:4  | Killed a bone dragon
 38503 | Swamp:4  | Got a decaying rune of Zot
 38649 | Swamp:3  | Killed Jorgrun
 39075 | Snake:4  | Reached skill level 18 in Fighting
 39436 | Snake:4  | Reached XP level 20. HP: 118/136 MP: 28/28
 39480 | Snake:4  | Got a serpentine rune of Zot
 40641 | Elf:1    | Entered Level 1 of the Elven Halls
 40690 | Elf:1    | Found a transporter.
 40696 | Elf:1    | Noticed Pooter's ghost (adept MiBe)
 40701 | Elf:1    | Found a transporter.
 41403 | Elf:1    | Paralysed by an air elemental for 1 turns
 41844 | Elf:1    | Killed Pooter's ghost
 41859 | Elf:1    | Identified the +12 glaive "Nisotyck" {elec, rF+ rN+ rCorr
                  | Dex-4}
 41863 | Elf:1    | Identified the +1 pair of boots of Sin {rC+ rN+ Dex+2}
 41949 | Abyss:3  | Cast into level 3 of the Abyss (a deep elf demonologist)
 42306 | Abyss:3  | Gained mutation: You have hidden genetic defects. [a
                  | neqoxec]
 42311 | Abyss:3  | Paralysed by you for 4 turns
 42321 | Abyss:3  | Found a corrupted altar of Lugonu.
 42330 | Abyss:3  | Found a corrupted altar of Lugonu.
 42377 | Abyss:3  | Reached skill level 15 in Armour
 42454 | Abyss:3  | Noticed a bone dragon
 42468 | Abyss:3  | Killed a bone dragon
 42480 | Abyss:3  | Reached skill level 19 in Fighting
 42648 | Abyss:3  | Gained mutation: You occasionally lose the ability to drink
                  | potions when taking damage. [hidden defects]
 42672 | Abyss:3  | Noticed a pearl dragon
 42693 | Abyss:3  | Killed a pearl dragon
 42870 | Abyss:3  | Reached XP level 21. HP: 143/144 MP: 29/29
 42896 | Abyss:3  | Noticed a profane servitor
 42912 | Abyss:3  | Killed a profane servitor
 42930 | Abyss:3  | Gained mutation: You are dopey. (Int -2) [hidden defects]
 42930 | Abyss:3  | Lost mutation: You have hidden genetic defects. [hidden
                  | defects expressed]
 42956 | Abyss:3  | Found a corrupted altar of Lugonu.
 43358 | Abyss:3  | Paralysed by accursed screaming for 2 turns
 43402 | Elf:2    | Escaped the Abyss
 43525 | Elf:2    | Found Ruxt's Antique Weapon Emporium.
 43606 | Elf:2    | Found Pulawuutul's Weapon Shop.
 43611 | Elf:2    | Learned a level 2 spell: Blink
 43614 | Elf:2    | Identified the +2 buckler "Rianog" {rElec rF+ Will+}
 43614 | Elf:2    | Identified the +8 chain mail of the Furrier {rC+ Will+
                  | Dex+3 Slay-3}
 43737 | Elf:2    | Noticed Azrael
 43753 | Elf:2    | Killed Azrael
 43767 | Elf:2    | Reached skill level 20 in Fighting
 43778 | Elf:2    | Found a runed translucent gate.
 43778 | Elf:2    | Found a runed translucent gate.
 43778 | Elf:2    | Found a runed translucent gate.
 44006 | Elf:2    | Reached skill level 1 in Spellcasting
 44006 | Elf:2    | Reached skill level 1 in Translocations
 44112 | Abyss:3  | Cast into level 3 of the Abyss (deep elf blademaster)
 44217 | Abyss:3  | Noticed a bone dragon
 44227 | Abyss:3  | Killed a bone dragon
 44275 | Abyss:3  | Gained mutation: You sometimes lose your temper in combat.
                  | [a neqoxec]
 44616 | Abyss:3  | Noticed a profane servitor
 44629 | Abyss:3  | Killed a profane servitor
 44678 | Abyss:3  | Reached XP level 22. HP: 148/152 MP: 30/30
 44685 | Abyss:3  | Gained mutation: You occasionally shout uncontrollably at
                  | your foes. [a neqoxec]
 44689 | Abyss:3  | Lost mutation: You sometimes lose your temper in combat. [a
                  | neqoxec]
 44691 | Abyss:3  | Gained mutation: You are frail. (-10% HP) [a neqoxec]
 44965 | Abyss:3  | HP: 3/122 [smoke demon/divine providence (16)]
 44967 | Abyss:3  | The Shining One protects you from harm!
 45017 | Abyss:4  | Lost mutation: You occasionally lose the ability to drink
                  | potions when taking damage. [potion of mutation]
 45017 | Abyss:4  | Lost mutation: You are frail. (-10% HP) [potion of
                  | mutation]
 45017 | Abyss:4  | Gained mutation: You are agile. (Dex +4, Str/Int -1)
                  | [potion of mutation]
 45017 | Abyss:4  | Gained mutation: Your movements are slightly less
                  | encumbered by armour. (ER -2) [potion of mutation]
 45017 | Abyss:4  | Gained mutation: You sometimes lose your temper in combat.
                  | [potion of mutation]
 45018 | Abyss:4  | Lost mutation: Your movements are slightly less encumbered
                  | by armour. (ER -2) [potion of mutation]
 45018 | Abyss:4  | Lost mutation: You sometimes lose your temper in combat.
                  | [potion of mutation]
 45018 | Abyss:4  | Gained mutation: You are partially covered in iridescent
                  | scales. (AC +2) [potion of mutation]
 45018 | Abyss:4  | Gained mutation: You have sharp toenails. [potion of
                  | mutation]
 45018 | Abyss:4  | Gained mutation: You do not regenerate when monsters are
                  | visible. [potion of mutation]
 45019 | Abyss:4  | Lost mutation: You are dopey. (Int -2) [potion of mutation]
 45019 | Abyss:4  | Lost mutation: You are agile. (Dex +4, Str/Int -1) [potion
                  | of mutation]
 45019 | Abyss:4  | Gained mutation: You expend magic power (3 MP) to
                  | strengthen your wands. [potion of mutation]
 45019 | Abyss:4  | Gained mutation: Your muscles are strong. (Str +4, Int/Dex
                  | -1) [potion of mutation]
 45022 | Abyss:4  | Lost mutation: You do not regenerate when monsters are
                  | visible. [potion of mutation]
 45022 | Abyss:4  | Lost mutation: You occasionally shout uncontrollably at
                  | your foes. [potion of mutation]
 45022 | Abyss:4  | Lost mutation: You expend magic power (3 MP) to strengthen
                  | your wands. [potion of mutation]
 45022 | Abyss:4  | Gained mutation: You are dopey. (Int -2) [potion of
                  | mutation]
 45022 | Abyss:4  | Gained mutation: Armour fits poorly on your strangely
                  | shaped body. [potion of mutation]
 45022 | Abyss:4  | Gained mutation: You are somewhat resistant to further
                  | mutation. [potion of mutation]
 45023 | Abyss:4  | Lost mutation: You are partially covered in iridescent
                  | scales. (AC +2) [potion of mutation]
 45023 | Abyss:4  | Lost mutation: Armour fits poorly on your strangely shaped
                  | body. [potion of mutation]
 45023 | Abyss:4  | Gained mutation: You passively dampen the noise of your
                  | surroundings. [potion of mutation]
 45023 | Abyss:4  | Gained mutation: Your flesh is cold resistant. (rC+)
                  | [potion of mutation]
 45098 | Elf:2    | Escaped the Abyss
 46059 | Depths:1 | You are sucked into a shaft and drop 1 floor!
 46308 | Depths:2 | Found a one-way gate leading to the halls of Pandemonium.
 46538 | Depths:2 | Reached skill level 21 in Fighting
 46665 | Depths:2 | Found a one-way gate to the infinite horrors of the Abyss.
 46760 | Depths:2 | Found a glowing golden altar of the Shining One.
 47018 | Depths:3 | Found a one-way gateway to a ziggurat.
 47092 | Depths:3 | Found Bairhuq's Demolitions Depot.
 47108 | Depths:3 | Bought a manual of Conjurations for 1280 gold pieces
 47142 | Depths:3 | Noticed Vv
 47193 | Depths:3 | Killed Vv
 47556 | Depths:3 | Reached XP level 23. HP: 160/160 MP: 31/31
 48588 | Depths:3 | Found a broken altar of Ashenzari.
 49153 | Depths:3 | Noticed a juggernaut
 49157 | Depths:3 | Noticed a caustic shrike
 49160 | Depths:3 | Noticed a golden dragon
 49176 | Depths:3 | Killed a caustic shrike
 49179 | Depths:3 | Identified the +4 tower shield of Loasiegrad {rElec rN++
                  | Int+5}
 49185 | Depths:3 | Killed a golden dragon
 49199 | Depths:3 | Noticed a golden dragon
 49201 | Depths:3 | Killed a juggernaut
 49371 | Depths:3 | Killed a golden dragon
 49556 | Depths:4 | Entered Level 4 of the Depths
 49727 | Vaults:1 | Entered Level 1 of the Vaults
 49871 | Vaults:1 | Found a magical portal.
 49893 | WizLab   | Entered Zonguldrok's Shrine
 50287 | WizLab   | Noticed an antique lich
 50288 | WizLab   | Found the +9 sword of Zonguldrok {reap}
 50291 | WizLab   | Killed an antique lich
 50453 | Vaults:1 | Reached skill level 10 in Throwing
 51241 | Vaults:2 | Noticed Saint Roka
 51520 | Vaults:2 | Reached skill level 22 in Fighting
 51543 | Vaults:2 | Noticed Donald
 51557 | Vaults:2 | Killed Donald
 51711 | Vaults:2 | Reached XP level 24. HP: 168/168 MP: 31/31
 51764 | Vaults:2 | Killed Saint Roka
 53041 | Vaults:3 | Found a staircase to the Crypt.
 54214 | Vaults:4 | Reached skill level 23 in Fighting
 54257 | Vaults:4 | Reached XP level 25. HP: 176/176 MP: 31/31
 54473 | Vaults:4 | Found Omiepee's General Store.
 54481 | Vaults:4 | Bought a scroll of summoning for 152 gold pieces
 54994 | Vaults:4 | Paralysed by a sphinx for 4 turns
 55659 | Slime:1  | Entered Level 1 of the Pits of Slime
 57474 | Slime:5  | Entered Level 5 of the Pits of Slime
 57532 | Slime:5  | Noticed the Royal Jelly
 57532 | Slime:5  | Gained mutation: Your body sometimes deteriorates upon
                  | taking damage. [a shining eye]
 57535 | Slime:5  | Found a viscous altar of Jiyva.
 57578 | Slime:5  | Killed the Royal Jelly
 57741 | Slime:5  | Found the -2 hat of the Alchemist {rElec rPois rF+ rC+ rN+
                  | Will+ rMut rCorr}
 57766 | Slime:5  | Got a slimy rune of Zot
 57789 | Slime:5  | Identified the staff of earth "Anuhumo" {rPois rF+ rCorr
                  | SInv}
 57797 | Slime:5  | Got the Teachings on Hurting and Graupel
 57834 | Slime:5  | Identified the staff of conjuration "Wilapid" {rElec Dex+2
                  | Stlth+}
 57850 | Slime:5  | Identified the +2 pair of gloves "Nybrunn" {rC+ Slay+5}
 57878 | Slime:5  | Acquired a manual of Translocations
 57998 | Slime:5  | Gained mutation: You sometimes lose your temper in combat.
                  | [a shining eye]
 57999 | Slime:5  | Gained mutation: You occasionally lose the ability to drink
                  | potions when taking damage. [a shining eye]
 58023 | Slime:5  | Lost mutation: You are dopey. (Int -2) [potion of mutation]
 58023 | Slime:5  | Lost mutation: You occasionally lose the ability to drink
                  | potions when taking damage. [potion of mutation]
 58023 | Slime:5  | Lost mutation: Your flesh is cold resistant. (rC+) [potion
                  | of mutation]
 58023 | Slime:5  | Gained mutation: You expend magic power (3 MP) to
                  | strengthen your wands. [potion of mutation]
 58024 | Slime:5  | Lost mutation: You expend magic power (3 MP) to strengthen
                  | your wands. [potion of mutation]
 58024 | Slime:5  | Lost mutation: Your muscles are strong. (Str +4, Int/Dex
                  | -1) [potion of mutation]
 58024 | Slime:5  | Lost mutation: You are somewhat resistant to further
                  | mutation. [potion of mutation]
 58024 | Slime:5  | Lost mutation: You sometimes lose your temper in combat.
                  | [potion of mutation]
 58024 | Slime:5  | Gained mutation: You have a pair of small horns on your
                  | head. [potion of mutation]
 58603 | Elf:3    | Entered Level 3 of the Elven Halls
 58677 | Abyss:4  | Cast into level 4 of the Abyss (a deep elf demonologist)
 58858 | Abyss:4  | Got an abyssal rune of Zot
 58877 | Abyss:4  | Reached skill level 24 in Fighting
 58880 | Elf:3    | Escaped the Abyss
 59315 | Elf:3    | Reached XP level 26. HP: 184/184 MP: 31/31
 59377 | Elf:3    | Found the +8 mithril axe "Arga" {speed, Will+}
 59397 | Elf:3    | Learned a level 2 spell: Wereblood
 59403 | Elf:3    | Identified the ring "Cograiwi" {Fly Str+3 SInv}
 59406 | Elf:3    | Identified the +6 halberd of Egatuomn {flame, Will+ Int+3
                  | Stlth+}
 59488 | Elf:3    | Identified the ring of Defaerepn {rC+ Will+}
 59586 | Elf:3    | Identified the +1 orcbow of Conformity {flame, Drain rN+
                  | Will++}
 59588 | Elf:3    | Identified the staff of poison "Pieffuok" {rPois Int+2
                  | SInv}
 59690 | Elf:3    | Identified the +0 ring mail "Teupsaff" {Str+2}
 59735 | Elf:3    | Identified the +12 morningstar "Kokhloick" {heavy, +Blink
                  | rC- rCorr Int+5 Stlth-}
 59737 | Elf:3    | Identified the staff of earth "Dosouq" {*Slow rC++}
 59743 | Elf:3    | Identified the staff of cold "Umecw" {rC+ rN++}
 59818 | Elf:3    | Identified the +0 chain mail "Reeceug" {*Corrode +Inv rC+
                  | rN+}
 59874 | Elf:3    | Got the Volume of Confrontation and Breccia
 60261 | Vaults:5 | Entered Level 5 of the Vaults
 61293 | Vaults:5 | Found the +10 tower shield of Ignorance {rN+ Int-4}
 61293 | Vaults:5 | Noticed an ancient lich
 61300 | Vaults:5 | Killed an ancient lich
 61315 | Vaults:5 | Identified the staff of death "Alegu" {rPois rN+ Str-2
                  | Int+6}
 61319 | Vaults:5 | Identified the staff of earth "Rangug" {rF+}
 61372 | Vaults:5 | Identified the +4 orcbow of the Fox {elec, rPois Str+3
                  | Int+2}
 61741 | Vaults:5 | Identified the ring "Jereirpho" {Ice +Blink}
 61750 | Vaults:5 | Identified the +3 scale mail of Disaster {Will+ rCorr}
 61758 | Vaults:5 | Identified the ring "Qasmaa" {rC+ Will+++ Dex+4}
 61787 | Vaults:5 | Reached skill level 25 in Fighting
 61864 | Vaults:5 | Got a silver rune of Zot
 61879 | Vaults:5 | Identified the +1 robe of the Stars {Int+2 Archmagi}
 61884 | Vaults:5 | Got the Tome of Sizzling Resurrection
 62407 | Depths:4 | Reached XP level 27. HP: 193/193 MP: 32/32
 62676 | Depths:4 | Found a gate to the Realm of Zot.
 62695 | Depths:4 | Reached skill level 15 in Shields
 63448 | Zot:1    | Entered Level 1 of the Realm of Zot
 63965 | Zot:1    | Reached skill level 10 in Axes
 64503 | Zot:1    | Found the +4 dragonskin cloak
 64503 | Zot:1    | Noticed Tiamat
 64542 | Zot:1    | Killed Tiamat
 64769 | Zot:2    | You are sucked into a shaft and drop 2 floors!
 65458 | Zot:2    | Noticed an orb of fire
 65468 | Zot:2    | Killed an orb of fire
 65696 | Zot:2    | Identified the staff of fire "Zuidesuo" {*Corrode rF+
                  | Int+8}
 65779 | Zot:2    | Noticed an orb of fire
 65786 | Zot:2    | Gained mutation: You are vulnerable to heat. (rF-) [an orb
                  | of fire]
 65788 | Zot:2    | Killed an orb of fire
 66675 | Zot:2    | Noticed an orb of fire
 66675 | Zot:2    | Gained mutation: Your magical capacity is low. (-10% MP)
                  | [an orb of fire]
 66676 | Zot:2    | Gained mutation: You occasionally lose the ability to read
                  | scrolls when taking damage. [an orb of fire]
 66689 | Zot:2    | Killed an orb of fire
 68072 | Zot:5    | Entered Level 5 of the Realm of Zot
 68094 | Zot:5    | Noticed an orb of fire
 68094 | Zot:5    | Noticed an orb of fire
 68094 | Zot:5    | Noticed an orb of fire
 68094 | Zot:5    | Gained mutation: You are clumsy. (Dex -2) [an orb of fire]
 68105 | Zot:5    | Killed an orb of fire
 68107 | Zot:5    | Killed an orb of fire
 68112 | Zot:5    | Noticed a dread lich
 68121 | Zot:5    | Gained mutation: You are dopey. (Int -2) [an orb of fire]
 68123 | Zot:5    | Reached skill level 10 in Dodging
 68123 | Zot:5    | Killed an orb of fire
 68125 | Zot:5    | Killed a dread lich
 68356 | Zot:5    | Noticed an orb of fire
 68365 | Zot:5    | Noticed an orb of fire
 68367 | Zot:5    | Gained mutation: You occasionally lose the ability to drink
                  | potions when taking damage. [an orb of fire]
 68373 | Zot:5    | Killed an orb of fire
 68375 | Zot:5    | Noticed an orb of fire
 68381 | Zot:5    | Gained mutation: You occasionally shout uncontrollably at
                  | your foes. [an orb of fire]
 68384 | Zot:5    | Killed an orb of fire
 68387 | Zot:5    | Gained mutation: Your magical capacity is very low. (-20%
                  | MP) [an orb of fire]
 68400 | Zot:5    | Noticed an ancient lich
 68400 | Zot:5    | Gained mutation: You are frail. (-10% HP) [mutagenic glow]
 68404 | Zot:5    | Noticed an ancient lich
 68412 | Zot:5    | Gained mutation: You sometimes lose the ability to drink
                  | potions when taking damage. [mutagenic glow]
 68419 | Zot:5    | Killed an ancient lich
 68429 | Zot:5    | Killed an ancient lich
 68441 | Zot:5    | Gained mutation: Potions are less effective at restoring
                  | your health. [mutagenic glow]
 68703 | Zot:5    | Lost mutation: Your body sometimes deteriorates upon taking
                  | damage. [potion of mutation]
 68703 | Zot:5    | Lost mutation: You are frail. (-10% HP) [potion of
                  | mutation]
 68704 | Zot:5    | Lost mutation: You occasionally shout uncontrollably at
                  | your foes. [potion of mutation]
 68704 | Zot:5    | Lost mutation: Your magical capacity is very low. (-20% MP)
                  | [potion of mutation]
 68764 | Zot:5    | Gained mutation: Potions cannot restore your health. [an
                  | orb of fire]
 68764 | Zot:5    | Gained mutation: Your magical capacity is very low. (-20%
                  | MP) [an orb of fire]
 68782 | Zot:5    | Gained mutation: Your body sometimes deteriorates upon
                  | taking damage. [an orb of fire]
 68787 | Zot:5    | Lost mutation: You are vulnerable to heat. (rF-) [an orb of
                  | fire]
 68788 | Zot:5    | Killed an orb of fire
 69454 | Zot:5    | Got the Orb of Zot
 70022 | D:3      | Noticed Heliloic the pandemonium lord
 70039 | D:3      | Killed Heliloic the pandemonium lord
 70091 | D:$      | Escaped with the Orb!

Illustrated notes

Levels and vault maps discovered:
D:1:      amcnicky_arrival_choice, layout_loops_ring, kennysheep_minor_cross,
          corner_web_ring, minivault_19, grunt_decor_one_mirror
D:2:      layout_rooms, serial_rivers, chequers_serial_rivers_micro_b,
          chequers_serial_rivers_micro_a, chequers_serial_rivers_micro_c,
          chequers_serial_rivers_micro_c, nicolae_shop_unique_rings
D:3:      layout_loops_ring, grunt_ministairs_1, hex_large,
          chequers_decorated_corner
D:4:      minmay_skewed_foursquare, layout_cave_pools, dancing_weapons_uskayaw,
          minmay_misc_feat_plants
D:5:      layout_basic, nicolae_overflow_hidden_temple,
          pdpol_wu_jian_five_deadly_venoms, minmay_temple_entry_drinking_statues
D:6:      layout_basic, hellmonk_ghost_happy_afterlife
D:7:      layout_cave_pools, chequers_ossuary_entry_cave, dreamdust_gnoll_farm,
          uniq_crazy_yiuf_cottage
D:8:      layout_basic, lemuel_crystal_altar, serial_shops,
          kennysheep_little_box
D:9:      layout_rooms, fedhas_altar_fruit_tree, kennysheep_nondescript,
          minmay_fractal_squares_gapless_7
D:10:     layout_loops_ring, david_lair_shrubbed, minmay_misc_feat_four_crosses,
          minmay_liquid_box, minivault_22
D:11:     layout_basic, minmay_orc_entry_temple_small, nicolae_shop_clearance
D:12:     layout_long_grid, hangedman_decor_growths,
          hangedman_abyss_or_decor_lesser_grid, uniq_snorg, uniq_nessos
D:13:     layout_loops_ring, serial_bayou, serial_bayou_shore_b,
          serial_bayou_pond_c, serial_bayou_pond_c, serial_bayou_shore_a,
          uniq_josephine, uniq_maurice
D:14:     kennysheep_six_static_rooms, layout_basic, ximxim_vaults_locker_room,
          grunt_gozag_statues, blue_anna_alchemist
D:15:     gammafunk_depths_entry_grave, layout_loops_cross, hangedman_decor_push
Temple:   nicolae_temple_bog_church
Lair:1:   gammafunk_worm_tunnel, layout_gridlike, lemuel_fruit_tree
Lair:2:   layout_roguey, infiniplex_staircase_pool, grunt_megastairs_4,
          uniq_amaemon
Lair:3:   layout_loops_ring, palyth_hydra_swamp_entry,
          nicolae_snake_entry_squirm, serial_bayou_shore_b
Lair:4:   layout_regular_city, slime_entry_1, serial_bayou_shore_b
Lair:5:   hangedman_lair_tendril_chambers, layout_cellular_growth, wormcave,
          nicolae_quartered_pool_super
Swamp:1:  layout_basic_swamp, evilmike_swamp_ruin_house_3, swamp_pool5,
          nicolae_island_escapes
Swamp:2:  layout_basic_swamp, evilmike_swamp_ruin_house_2, swamp_pool3,
          nicolae_swamp_no_escape
Swamp:3:  layout_basic_swamp, evilmike_swamp_ruin_wall, swamp_pool1,
          grunt_ruined_hall, uniq_jorgrun
Swamp:4:  swamp_pestilence, layout_basic_swamp,
          portal_ice_cave_entry_ice_simulacra, nicolae_swamp_frolicking_bunyips
Snake:1:  layout_basic, uniq_aizul
Snake:2:  layout_onion, basic_altar, guppyfry_library_mini
Snake:3:  layout_cave_town, gammafunk_ghost_necromancy, grunt_ministairs_1
Snake:4:  hellmonk_snake_rune_quicksilver_temple, layout_cave_town,
          nicolae_integral_box
Slime:1:  nicolae_slime_infinislime, layout_caves
Slime:2:  layout_caves
Slime:3:  layout_caves
Slime:4:  layout_caves
Slime:5
Orc:1:    layout_diamond_mine, serial_shops, nicolae_shop_waterfront,
          minmay_orc_treasury
Orc:2:    grunt_orc_tribal_feast, layout_caves, nicolae_volcano_entry_lava_flow,
          nicolae_orc_crystal_geode
Elf:1:    minmay_elf_arrival_circle, layout_onion_city, gammafunk_ghost_arena,
          evilmike_minifort
Elf:2:    nicolae_elf_blades_splatter_lattice [nicolae_blade_bullseye],
          layout_rooms, serial_shops, shop, minmay_shop_star, uniq_azrael
Elf:3:    nooodl_elf_gasket, layout_geoelf_octagon
Vaults:1: lightli_enter_wizlab_magi_temple, nicolae_vaults_two_Ls,
          hangedman_vaults_nails, ontoclasm_vaults_hangar, vaults_room_boxed,
          nicolae_vaults_bisected_inception,
          nicolae_vaults_antechamber_and_loot_room, v_misc_4,
          nicolae_vaults_trapezoid_lopsided_1, nicolae_vaults_trapezoid_3,
          nicolae_vaults_little_ls, vaults_room_semicircle,
          nicolae_vaults_offset_grid_hallway_1,
          nicolae_vaults_trapezoid_lopsided_3, layout_vaults_ring
Vaults:2: v_alt_pattern_1, nicolae_vaults_mini_display_case, vaults_room_pool,
          ontoclasm_vaults_twist, v_misc_15, nicolae_vaults_network_barrier,
          nicolae_vaults_three_branches, nicolae_vaults_offset_grid_hallway_2,
          v_alt_pattern_5, nicolae_vaults_house_3, v_misc_29,
          nicolae_vaults_shrinking_rooms_2, grunt_vaults_hallway_long,
          nicolae_vaults_trapezoid_1, vaults_room_hallway,
          layout_vaults_maze_bifur, uniq_saint_roka, uniq_donald
Vaults:3: v_rooms_3, vaults_standard_mumra_lines, nicolae_vaults_sightless_eye,
          minmay_crypt_entry_skeletal_spiral,
          nicolae_vaults_stairing_the_circle, nicolae_vaults_house_1,
          nicolae_vaults_weapon_check, vaults_room_pool,
          layout_vaults_chaotic_city
Vaults:4: v_misc_10, st_smaller_cells, hangedman_vaults_unwind,
          nicolae_vaults_storage_closets_1, vaults_dpeg_hooks,
          nicolae_vaults_specimen_jars, nicolae_vaults_what_the_h,
          ontoclasm_vaults_fault, layout_vaults_quadrants, serial_shops, shop
Vaults:5: serial_shops
Depths:1: layout_gridlike, hell_entry, rand_demon_pan_entry_1,
          lemuel_doored_altar, lemuel_flamethrower_1, grunt_megastairs_2
Depths:2: abrahamwl_protected_by_tso_3, layout_gridlike,
          abyss_entry_small_statue_room, rand_demon_pan_entry_3, hell_entry,
          infiniplex_staircase_zigzag_1
Depths:3: minmay_the_grid_triangle_9x9_line_8_mashed
          [minmay_the_grid_triangle_9x9_alien,
          minmay_the_grid_triangle_9x9_skeleton,
          minmay_the_grid_triangle_9x9_from_above,
          minmay_the_grid_triangle_9x9_impossible_snake,
          minmay_the_grid_triangle_9x9_minimal,
          minmay_the_grid_triangle_9x9_wacky_v,
          minmay_the_grid_triangle_9x9_warning,
          minmay_the_grid_triangle_9x9_prize_center], layout_gridlike,
          enter_ziggurat_e, grunt_mini_vestibule, abyss_entry,
          cheibrodos_ashenzari_chains, nicolae_blasting_shop,
          infiniplex_staircase_x, uniq_vv
Depths:4: grunt_crosshair, layout_gridlike, roderic_serpentine_path,
          hangedman_tar_grid_catacomb
Zot:1:    layout_cathedral_of_symmetry, uniq_tiamat
Zot:2:    layout_concentric_octagons, hangedman_player_shredder, uniq_josephina
Zot:3:    layout_cellular_growth
Zot:4:    layout_twisted_circle
Zot:5:    layout_basic

Skill      XL: |  1  2  3  4  5  6  7  8  9 10 11 12 13 14 15 16 17 18 19 20 21 22 23 24 25 26 27 |
---------------+----------------------------------------------------------------------------------+-----
Maces & Flails | 3 4 5 6 7 10 12 13 14 15 16 17 18 19 20 21 22 23 24 | 24.3
Fighting       | 4 5 7 8 10 11 12 13 14 16 17 18 19 20 21 22 23 24 25 | 25.0
Invocations    | 1 3 5 6 8 9 10 11 12 13 | 13.3
Shields        | 4 6 8 10 12 14 20 | 20.3
Evocations     | 2 5 7 8 |  8.4
Dodging        | 3 4 5 6 7 12 | 12.6
Armour         | 5 7 9 11 12 13 15 16 18 19 21 22 23 | 23.0
Throwing       | 3 5 7 8 11 12 | 12.0
Axes           | 6 8 13 | 13.0
Earth Magic    | 4 7 8 |  8.2
Conjurations   | 3 7 8 9 |  9.5
Spellcasting   | 3 4 |  4.4
Translocations | 3 4 |  4.3

Action                     |  1- 3 |  4- 6 |  7- 9 | 10-12 | 13-15 | 16-18 | 19-21 | 22-24 | 25-27 || total
---------------------------+-------+-------+-------+-------+-------+-------+-------+-------+-------++-------
  Melee: Flail             |    98 |   135 |   403 |   542 |   673 |  1102 |       |       |       ||  2953
         Demon whip        |       |       |       |       |   739 |       |       |       |       ||   739
         Broad axe         |       |       |       |       |       |     6 |       |       |   662 ||   668
         Sacred scourge    |       |       |       |       |       |   695 |  1744 |   841 |  1078 ||  4358
         Eveningstar       |       |       |       |       |       |       |       |   660 |    97 ||   757
         Headbutt          |       |       |       |       |       |       |       |       |   555 ||   555
  Throw: Boomerang         |       |       |       |       |     6 |     4 |     1 |     6 |       ||    17
         Dart              |       |       |       |       |     5 |       |       |       |       ||     5
         Javelin           |       |       |       |       |       |       |       |       |    31 ||    31
 Invoke: Stomp             |       |       |    12 |     3 |     1 |       |       |       |       ||    16
         Line Pass         |       |       |     2 |     9 |     2 |       |       |       |       ||    13
         Grand Finale      |       |       |       |     2 |     2 |       |       |       |       ||     4
         Divine Shield     |       |       |       |       |     2 |     6 |     3 |     5 |     8 ||    24
         Summon Divine War |       |       |       |       |       |     2 |     5 |    10 |    15 ||    32
         Cleansing Flame   |       |       |       |       |       |     1 |    12 |    13 |    14 ||    40
         Brand Weapon With |       |       |       |       |       |     1 |       |       |       ||     1
  Evoke: Phantom mirror    |       |       |       |       |     2 |     1 |       |       |     3 ||     6
         Wand              |       |       |       |       |     3 |       |       |       |     3 ||     6
         Condenser vane    |       |       |       |       |     1 |     1 |       |       |       ||     2
         Lightning rod     |       |       |       |       |       |     1 |       |       |       ||     1
         Phial of floods   |       |       |       |       |       |       |       |     1 |       ||     1
    Use: Scroll            |     3 |     4 |     6 |    12 |    15 |    23 |     2 |    19 |    22 ||   106
         Potion            |       |       |     1 |     4 |     2 |     8 |     1 |    10 |     7 ||    33
   Stab: Paralysed         |       |       |    11 |    40 |    76 |       |       |       |       ||   127
         Confused          |       |       |       |     3 |       |       |       |       |       ||     3
 Armour: Scale mail        |    52 |       |   132 |   208 |   249 |       |       |       |       ||   641
         Chain mail        |     2 |   102 |    95 |       |       |       |       |       |       ||   199
         Fire dragon scale |       |       |       |       |    82 |   637 |   686 |   355 |       ||  1760
         Gold dragon scale |       |       |       |       |       |       |       |   599 |   760 ||  1359
  Dodge: Dodged            |    45 |    51 |   166 |   174 |   729 |   952 |   469 |   501 |   350 ||  3437
         Repelled          |       |       |       |       |       |       |    28 |    10 |    26 ||    64
  Block: Buckler           |    19 |    21 |       |       |       |       |       |       |       ||    40
         Kite shield       |       |     5 |   195 |   235 |   698 |   325 |   948 |   971 |   490 ||  3867
         Tower shield      |       |       |       |       |       |  1150 |       |       |   843 ||  1993
         Reflection        |       |       |       |       |       |    10 |    29 |       |    34 ||    73

Table legend: (Time is in decaauts)
 A = Elapsed time spent in this place.
 B = Non-inter-level travel time spent in this place.
 C = Inter-level travel time spent in this place.
 D = Time resting spent in this place.
 E = Time spent auto-exploring this place.
 F = Levels seen in this place.
 G = Mean time per level.
                   A        B        C        D        E       F      G
               +--------+--------+--------+--------+--------+-----+--------+
         Total |  67473 |  60620 |   6853 |   3768 |  42214 |  61 | 1106.1 |
       Dungeon |  19562 |  16800 |   2762 |    816 |  12777 |  15 | 1304.1 |
        Temple |     39 |     26 |     13 |      0 |     13 |   1 |   39.0 |
          Lair |   7580 |   6178 |   1402 |      0 |   5087 |   5 | 1516.0 |
         Swamp |   3574 |   3264 |    310 |    132 |   2269 |   4 |  893.5 |
     Snake Pit |   5128 |   4675 |    453 |    577 |   2955 |   4 | 1282.0 |
    Slime Pits |   2510 |   2399 |    111 |    158 |   1568 |   5 |  502.0 |
  Orcish Mines |   2124 |   1938 |    186 |    139 |   1156 |   2 | 1062.0 |
   Elven Halls |   3514 |   3162 |    352 |     60 |   2260 |   3 | 1171.3 |
        Vaults |   7067 |   6559 |    508 |     46 |   4651 |   5 | 1413.4 |
        Depths |   5464 |   4989 |    475 |    896 |   2839 |   4 | 1366.0 |
           Zot |   5877 |   5601 |    276 |    254 |   4390 |   5 | 1175.4 |
         Abyss |   2259 |   2259 |      0 |    312 |    692 |   4 |  564.8 |
       Ossuary |    483 |    483 |      0 |      0 |    309 |   1 |  483.0 |
      Ice Cave |   1449 |   1449 |      0 |    214 |    916 |   1 | 1449.0 |
       Volcano |    395 |    395 |      0 |      0 |    263 |   1 |  395.0 |
        Wizlab |    443 |    443 |      0 |    161 |     68 |   1 |  443.0 |
               +--------+--------+--------+--------+--------+-----+--------+

Top non-repeatable levels by time:
    D:11: 2253 daAuts
  Lair:5: 2153 daAuts
    D:14: 2012 daAuts
    D:13: 2010 daAuts
  Lair:3: 1986 daAuts
 Abyss:3: 1977 daAuts
 Snake:1: 1746 daAuts
Vaults:3: 1655 daAuts
   Zot:2: 1622 daAuts
Depths:1: 1618 daAuts
Depths:3: 1604 daAuts
Vaults:5: 1597 daAuts
 Snake:4: 1481 daAuts
Vaults:4: 1465 daAuts
   IceCv: 1449 daAuts
